 Dungeon Crawl Stone Soup version 0.31.0-11-ge490571c62 (webtiles) character file.

Game seed: 8626465288360646580

79 qw the Shooter (level 4, 0/25 HPs)
             Began as a Deep Elf Hunter on Feb 4, 2024.
             Slain by Natasha (7 damage)
             ... on level 2 of the Dungeon.
             The game lasted 00:00:03 (673 turns).

qw the Shooter (Deep Elf Hunter)                     Turns: 673, Time: 00:00:04

Health: 0/25       AC:  3    Str:  8 (10) XL:     4   Next: 17%
Magic:  6/6        EV: 12    Int: 14      God:
Gold:   46         SH:  0    Dex: 17 (18) Spells: 3/3 levels left

rFire   . . .        a - +0 shortbow
rCold   . . .        (shield currently unavailable)
rNeg    . . .        c - +0 leather armour
rPois   .            (no helmet)
rElec   .            (no cloak)
rCorr   .            (no gloves)
SInv    .            (no boots)
Will    .....        (no amulet)
Stlth   ++           (no ring)
HPRegen 0.24/turn    (no ring)
MPRegen 0.10/turn

%: no passive effects
@: slowed, very slow
A: no striking features
a: no special abilities


You were on level 2 of the Dungeon.
You visited 1 branch of the dungeon, and saw 2 of its levels.

You collected 46 gold pieces.


   Skills:
 - Level 1.5 Fighting
 + Level 7.6 Ranged Weapons
 - Level 2.4 Dodging
 - Level 1.2 Stealth


You had 3 spell levels left.
You didn't know any spells.
Your spell library was empty.

Inventory:

Hand Weapons
 a - a +0 shortbow (weapon)
Armour
 c - a +0 leather armour (worn)
Potions
 f - a potion of enlightenment

Dungeon Overview and Level Annotations

Branches:
Dungeon (2/15)

Altars:

Annotations:
D:2 Natasha


Message History

The cerulean imp is heavily wounded.
The cerulean imp hits you from afar with a +2 spear.
Natasha closely misses you.
You shoot an arrow. The arrow hits Natasha!
Natasha is heavily wounded.
The cerulean imp barely misses you. Natasha claws you.
You shoot an arrow. The arrow closely misses Natasha.
The arrow completely misses the cerulean imp.
The cerulean imp closely misses you. Natasha claws you.
The cerulean imp barely misses you.
You shoot an arrow. The arrow hits Natasha.
Natasha is severely wounded.
Natasha howls an incantation.
Natasha glows brightly for a moment.
Natasha casts a spell at you. The magic dart hits you.
The cerulean imp barely misses you.
You shoot an arrow. The arrow closely misses Natasha.
The arrow barely misses the cerulean imp.
Natasha stares at you and mumbles some strange words.
You feel yourself slow down.
The cerulean imp hits you but does no damage.
You shoot an arrow. The arrow hits Natasha!
You kill Natasha!
Natasha growls in agony!
The cerulean imp disappears in a puff of smoke!
You feel your dexterity returning.
You have reached level 4!
You feel clever.
You start resting.
Natasha, Servant of Life and Death comes into view.
You shoot an arrow. The arrow barely misses Natasha.
You shoot an arrow. The arrow barely misses Natasha.
Natasha howls an incantation.
Natasha glows brightly for a moment.
You shoot an arrow. The arrow hits Natasha!
Natasha is heavily wounded.
You shoot an arrow. The arrow closely misses Natasha.
Natasha casts a spell at you. The magic dart hits you! Natasha claws you!
You die...
Natasha begins licking her fur clean.

###..........# #.# #
##########.###.# #
#########...######## #
#................... #
#.######..%.######## #
#.# ##....########
#####.####............/
..........>.....########
...........#.#.#@......#
#####.####.....h######.#
# #.####......# # #
#...........# #
######......# # #......#
# ###.##.# # #...... #
#.##.###


You could see Natasha.

Vanquished Creatures
  Natasha (twice) (D:2)
  2 dart slugs (D:1)
  2 endoplasms
  A giant cockroach (D:1)
  5 goblins
  4 hobgoblins
  A quokka (D:1)
  6 ball pythons
  A frilled lizard (D:1)
  2 rats (D:1)
26 creatures vanquished.

Notes
Turn   | Place    | Note
-------+----------+-------------------------------------------
     0 | D:1      | qw the Deep Elf Hunter began the quest for the Orb.
     0 | D:1      | Reached XP level 1. HP: 12/12 MP: 3/3
     0 | D:1      | 0 ||| qw: Version: 0.3-a-160-g6735b56
     0 | D:1      | 0 ||| qw: Game counter: 5307
     0 | D:1      | 0 ||| qw: Melee chars always use a shield: true
     0 | D:1      | 0 ||| qw: God list: Okawaru
     0 | D:1      | 0 ||| qw: Allow faded altars: false
     0 | D:1      | 0 ||| qw: Do Orc after clearing Dungeon:15 true
     0 | D:1      | 0 ||| qw: Do second Lair branch before Depths: true
     0 | D:1      | 0 ||| qw: Lair rune preference: random
     0 | D:1      | 0 ||| qw: Goals: Normal
     0 | D:1      | 0 ||| PLANNING D:1-11
    93 | D:1      | Reached XP level 2. HP: 16/16 MP: 4/4
   102 | D:1      | Reached skill level 6 in Ranged Weapons
   342 | D:1      | You fall into a shaft and drop 1 floor!
   382 | D:2      | 382 ||| READING scroll labelled ILIQIC YNABEGG.
   382 | D:2      | 382 ||| IDENTIFYING fizzy emerald potion
   383 | D:2      | 383 ||| READING scroll labelled NUORUS ZOTOEDGH.
   384 | D:2      | 384 ||| DRINKING 2 amethyst potions.
   385 | D:2      | 385 ||| DROPPING scroll of butterflies.
   386 | D:2      | 386 ||| DROPPING potion of degeneration.
   567 | D:2      | Reached XP level 3. HP: 20/20 MP: 5/5
   577 | D:2      | Noticed Natasha
   583 | D:2      | Killed Natasha
   584 | D:2      | Reached skill level 7 in Ranged Weapons
   655 | D:2      | Noticed Natasha
   665 | D:2      | Killed Natasha
   666 | D:2      | Reached XP level 4. HP: 11/25 MP: 6/6
   669 | D:2      | Noticed Natasha
   673 | D:2      | Slain by Natasha

Levels and vault maps discovered:
D:1:      tarquinn_simple_flora_water_d, layout_basic, minmay_gold_behind_fungi
D:2:      minmay_razor_zed, layout_loops_ring, serial_shops,
          nicolae_shop_mannequins, basic_altar, uniq_natasha

Skill      XL: |  1  2  3 |
---------------+----------+-----
Ranged Weapons | 6 7 |  7.6
Fighting       | |  1.5
Dodging        | |  2.4
Stealth        | |  1.2

Action                     |  1- 3 |  4- 6 || total
---------------------------+-------+-------++-------
   Fire: Shortbow          |    80 |     4 ||    84
    Use: Scroll            |     2 |       ||     2
         Potion            |     1 |       ||     1
 Armour: Leather armour    |    22 |     2 ||    24
  Dodge: Dodged            |    13 |       ||    13

Table legend:
 A = Non-vault XP
 B = Vault XP
 C = Vault XP percentage of total XP
 D = Non-vault monster count
 E = Vault monster count
 F = Vault count percentage of total count
                 A         B        C        D         E       F
            +---------+---------+-------+---------+---------+-------
      Total |      79 |      35 |  30.7 |      25 |       1 |   3.8
            +---------+---------+-------+---------+---------+-------
        D:1 |      37 |       0 |   0.0 |      20 |       0 |   0.0
        D:2 |      42 |      35 |  45.5 |       5 |       1 |  16.7
            +---------+---------+-------+---------+---------+-------
